 Dungeon Crawl Stone Soup version 0.25-a0-458-g6fc7858b95 (webtiles) character file.

Game seed: 2075828628041433019, levelgen mode: deterministic

68040 ipx the Fighter (level 14, -2/132 HPs)
             Began as a Minotaur Wanderer on Feb 2, 2020.
             Was the Champion of Ru.
             Slain by a wolf spider (6 damage)
             ... on level 1 of the Spider Nest.
             The game lasted 02:46:01 (11388 turns).

ipx the Fighter (Minotaur Wanderer)                Turns: 11388, Time: 02:46:08

Health: -2/132     AC: 15    Str: 20    XL:     14   Next: 85%
Magic:  0/18       EV:  7    Int:  8    God:    Ru [******]
Gold:   271        SH:  0    Dex: 13    Spells: 16/17 levels left

rFire    + . .     SeeInvis +   a - +12 Vampire's Tooth {vamp}
rCold    + . .     Gourm    .   (shield unavailable)
rNeg     . . .     Faith    .   r - +2 chain mail of the Princeling {+Fly MR- rCorr SInv}
rPois    +         Spirit   +   (helmet restricted)
rElec    .         Reflect  .   q - scarf {rC+ rF+}
rCorr    +         Harm     .   (no gloves)
MR       .....                  O - +0 pair of boots
Stlth    ..........             G - amulet of guardian spirit
HPRegen  0.32/turn              (ring unavailable)
MPRegen  0.16/turn              P - ring of poison resistance

@: lethally poisoned (-2 -> -57), exhausted, lightly drained
A: retaliatory headbutt, horns 2, screaming 2, missing a hand, reduced EV 1,
disrupted magic 1, unskilled 1
a: Draw Out Power, Power Leap, Apocalypse, Renounce Religion, Evoke Flight


You were on level 1 of the Spider Nest.
You worshipped Ru.
Ru was exalted by your worship.
You were not hungry.

You visited 7 branches of the dungeon, and saw 27 of its levels.
You visited 1 bazaar.

You collected 1617 gold pieces.
You spent 1346 gold pieces at shops.

Inventory:

Hand Weapons
 a - the +12 Vampire's Tooth (weapon) {vamp}
   (You found it on level 14 of the Dungeon)

   It inflicts no extra harm, but heals its wielder when it wounds a living foe.
 e - a +9 vorpal eveningstar
 s - the +5 demon whip "Spellbinder" {antimagic, MR+}
   (You found it on level 6 of the Lair of Beasts)

   It reduces the magical energy of the wielder, and disrupts the spells and
   magical abilities of those hit.
   Natural abilities and divine invocations are not affected.
   It affects your resistance to hostile enchantments.
 x - a +2 demon whip of electrocution
Missiles
 b - 14 poisoned darts (quivered)
 S - a throwing net
Armour
 q - a scarf of resistance (worn)
 r - the +2 chain mail of the Princeling (worn) {+Fly MR- rCorr SInv}
   (You found it on level 7 of the Dungeon)

   It affects your resistance to hostile enchantments.
   It lets you see invisible.
   It lets you fly.
   It provides partial protection from all sources of acid and corrosion.
   If you remove this armour, your AC will fall 14 points (15 -> 1)
 O - a +0 pair of boots (worn)
Jewellery
 G - an amulet of guardian spirit (around neck)
 L - an uncursed ring of flight
 M - an uncursed ring of protection from magic
 P - a ring of poison resistance (right hand)
Wands
 d - a wand of paralysis (7)
 v - a wand of flame (10)
 A - a wand of disintegration (44)
 E - a wand of scattershot (3)
 H - a wand of digging (12)
 U - a wand of iceblast (6)
 W - a wand of polymorph (10)
Scrolls
 k - 8 scrolls of teleportation
 l - a scroll of amnesia
 n - 3 scrolls of fog
 o - 7 scrolls of blinking
 z - 3 scrolls of enchant armour
 D - 5 scrolls of remove curse
 Q - 2 scrolls of magic mapping
Potions
 c - 8 potions of curing
 g - 3 potions of flight
 j - a potion of lignification
 t - 2 potions of resistance
 u - a potion of magic
 C - a potion of berserk rage
 F - 5 potions of agility
 I - a potion of haste
 J - 2 potions of cancellation
 N - 2 potions of mutation
 R - a potion of might
 T - 2 potions of brilliance
Miscellaneous
 i - a lamp of fire (inert)
 y - 3 sacks of spiders
 B - a lamp of fire (inert)
 K - a lightning rod (1/4)
 V - a crystal ball of energy
Comestibles
 f - 28 rations
 h - a chunk of flesh


   Skills:
 + Level 14.1(13.6) Fighting
 - Level 8.5(8.6) Short Blades
   Level 4.3(7.0) Long Blades
 - Level 14.0(13.5) Maces & Flails
   Level 3.5(3.3) Slings
 - Level 0.8(1.9) Throwing
 + Level 11.3(10.9) Armour
 + Level 9.3(8.9) Dodging
 - Level 2.0(1.6) Spellcasting
   Level 0.8(0.5) Translocations
   Level 0.8(0.5) Transmutations
   Level 0.8(0.5) Earth Magic
   Level 1.2(0.9) Poison Magic
 - Level 7.0(6.7) Evocations


You had 16 spell levels left.
You knew the following spells:

 Your Spells              Type           Power        Failure   Level  Hunger
a - Foxfire               Conj/Fire      #...         96%         1    ##.....

Your spell library contained the following spells:

 Spells                   Type           Power        Failure   Level  Hunger
 Beastly Appendage        Tmut           #.....       94%         1    ##.....
 Freeze                   Ice            #...         96%         1    ##.....
 Magic Dart               Conj           #...         96%         1    ##.....
 Blink                    Tloc           N/A          98%         2    ###....
 Sticks to Snakes         Tmut           #.......     98%         2    ###....
 Call Imp                 Summ           #.......     99%         2    ###....
 Corpse Rot               Necr/Air       N/A          99%         2    ###....
 Slow                     Hex            #.......     99%         2    ###....
 Song of Slaying          Chrm           #.......     99%         2    ###....
 Swiftness                Chrm/Air       #.......     99%         2    ###....
 Conjure Flame            Conj/Fire      #.......     100%        3    ####...
 Inner Flame              Hex/Fire       #.......     100%        3    ####...
 Mephitic Cloud           Conj/Pois/Air  #.......     100%        3    ####...
 Ozocubu's Armour         Chrm/Ice       #.......     100%        3    ####...
 Spider Form              Tmut/Pois      #.........   100%        3    ####...
 Stone Arrow              Conj/Erth      #.....       100%        3    ####...
 Airstrike                Air            #.........   100%        4    #####..
 Hailstorm                Conj/Ice       #.......     100%        4    #####..
 Ice Form                 Ice/Tmut       #.......     100%        4    #####..
 Summon Ice Beast         Ice/Summ       #.......     100%        4    #####..
 Blade Hands              Tmut           #.........   100%        5    ######.
 Summon Forest            Summ/Tloc      #.........   100%        5    ######.
 Eringya's Noxious Bog    Tmut/Pois      #.........   100%        6    #######
 Hydra Form               Tmut           #.........   100%        6    #######
 Ring of Flames           Chrm/Fire      #.........   100%        7    #######
 Summon Hydra             Summ           #.........   100%        7    #######


Dungeon Overview and Level Annotations

Branches:
Dungeon (15/15)            Temple (1/1) D:4            Lair (6/6) D:11
 Shoals (0/4) Lair:4       Spider (1/4) Lair:4        Slime (0/5) Lair:6
    Orc (2/2) D:12            Elf (1/3) Orc:2        Vaults (0/5) D:13
 Depths (1/5) D:15

Altars:
Ashenzari
Cheibriados
Dithmenos
Elyvilon
Fedhas
Gozag
Kikubaaqudgha
Makhleb
Nemelex Xobeh
Ru
Sif Muna
Trog
Vehumet
Wu Jian
Xom
Yredelemnul
Zin
Beogh
Jiyva

Shops:
D:7 }*   D:10 :(:   D:12 *   Orc:2 ==?%

Annotations:
D:13 1 runed translucent door, Azrael
Lair:5 Josephine
Lair:6 1 runed translucent door, exclusion: 6 oklob plants
Orc:2 2 runed translucent doors, zhorgal's ghost, journeyman MiFi


Innate Abilities, Weirdness & Mutations

You reflexively headbutt those who attack you in melee.
You have a pair of horns on your head.
You sometimes yell uncontrollably at your foes.
You are missing a hand.
You have somewhat slow reflexes. (EV -5)
Your casting is slightly disrupted.
You are somewhat unskilled. (-1 Apt)


Message History

* * * LOW HITPOINT WARNING * * *
You feel very sick.
The redback bites you but does no damage.
The wolf spider hits you but does no damage.
The wolf spider closely misses you. The redback bites you!
* * * LOW HITPOINT WARNING * * *
The redback bites you but does no damage.
The wolf spider hits you but does no damage.
The wolf spider bites you!
* * * LOW HITPOINT WARNING * * *
The wolf spider hits you.
* * * LOW HITPOINT WARNING * * *
The wolf spider bites you!
* * * LOW HITPOINT WARNING * * *
The redback bites you but does no damage.
The wolf spider hits you!
* * * LOW HITPOINT WARNING * * *
The wolf spider bites you but does no damage.
The wolf spider hits you!
You die...

....$.......#..
...............
...s#..........
...^.........○.
.......^..... .
......sss..#...
......sss..s...
.s...ss@ss°...?
......sss......
..)....ss......
...............
...............
...............
...............
...............


You could see an emperor scorpion (webbed), 5 wolf spiders, 2 jumping spiders, 3
tarantellas and 7 redbacks.

Vanquished Creatures
  A vampire knight (D:13)
  Snorg (Orc:2)
  2 ettins
  An ogre mage (D:15)
  6 hydras
  A vault guard (D:13)
  The ghost of whitenoisemaker the Basher, a journeyman DrCK of Xom (Lair:3)
  4 centaur warriors
  A merfolk avatar (Lair:6)
  A two-headed ogre (D:8)
  2 catoblepae
  2 tengu warriors (D:15)
  Urug (D:11)
  A hell knight (D:15)
  3 skeletal warriors (D:13)
  5 unseen horrors
  A wizard (D:15)
  A deep elf archer (D:15)
  A wolf spider (Lair:4)
  8 orc sorcerers
  3 cyclopes
  A manticore (D:15)
  7 ugly things
  6 deep elf magi
  10 elephants
  A black mamba (Lair:6)
  Maggie (D:10)
  A gargoyle (D:12)
  9 spiny frogs
  8 komodo dragons
  4 kobold demonologists (D:15)
  4 rime drakes (Lair:6)
  A polar bear (Lair:5)
  5 trolls
  3 tyrant leeches (D:14)
  6 blink frogs
  A hornet (D:13)
  6 hippogriffs
  A snapping turtle (Lair:4)
  A slime creature (D:11)
  An air elemental (Elf:1)
  5 redbacks
  3 vampires
  4 wraiths
  10 wyverns
  Eustachio (D:5)
  A basilisk (D:14)
  30 yaks
  Menkaure (D:7)
  A hungry ghost (D:15)
  6 vampire mosquitoes (D:14)
  5 wargs
  An acid dragon (D:12)
  6 porcupines
  10 water moccasins
  12 orc warriors
  2 ice beasts
  3 sky beasts
  An eye of draining (D:12)
  A black bear (D:9)
  5 necrophages
  5 phantoms
  10 ogres
  10 centaurs
  3 wolves (Lair:3)
  13 crocodiles
  6 big kobolds
  An elf zombie (D:9)
  7 bullfrogs
  A wyvern zombie (D:7)
  6 scorpions
  11 killer bees
  A troll zombie (D:9)
  An electric eel (Lair:3)
  3 crimson imps
  A bullfrog zombie (D:12)
  5 hounds
  A centaur zombie (D:8)
  7 jellies
  9 orc priests
  4 human zombies (D:9)
  A gnoll shaman (D:8)
  40 orc wizards
  Jessica (D:3)
  A centaur skeleton (D:9)
  Natasha (D:3)
  2 human skeletons (D:9)
  3 iguanas
  10 worker ants
  A hound skeleton (D:7)
  A mummy (D:9)
  2 worker ant zombies
  7 gnolls
  12 adders
  A howler monkey skeleton (D:4)
  6 shadow imps
  8 oozes
  2 worms (D:2)
  4 dart slugs
  2 leopard geckos
  65 orcs
  A bat (D:2)
  A giant cockroach (D:4)
  3 goblins (D:2)
  5 hobgoblins
  4 jackals
  17 kobolds
  7 quokkas
  A frilled lizard (D:1)
  A jackal skeleton (D:6)
  A quokka skeleton (D:8)
  A quokka zombie (D:9)
  5 rats
554 creatures vanquished.

Vanquished Creatures (others)
  A stone giant (Orc:2)
  A spiny frog (Lair:6)
  A hornet (Lair:6)
  A porcupine (Lair:3)
  A wyvern skeleton (D:7)
  2 orc wizards
  3 orcs
  A bush (D:11)
  5 fungi
  25 plants
41 creatures vanquished.

Grand Total: 595 creatures vanquished

Notes
Turn   | Place    | Note
-------+----------+-------------------------------------------
     0 | D:1      | ipx the Minotaur Wanderer began the quest for the Orb.
     0 | D:1      | ipx set off with the following items: a +2 dagger, 4
                  | curare-tipped darts, a +0 robe, a ration; and the following
                  | spell memorised: Foxfire; and the following spells
                  | available to memorise: Corpse Rot, Swiftness, Inner Flame
     0 | D:1      | Reached XP level 1. HP: 14/14 MP: 2/2
   100 | D:1      | Reached skill level 1 in Fighting
   147 | D:1      | Reached skill level 1 in Short Blades
   171 | D:1      | Reached XP level 2. HP: 22/23 MP: 4/4
   440 | D:2      | Reached XP level 3. HP: 22/30 MP: 5/5
   525 | D:2      | Reached skill level 1 in Slings
   651 | D:2      | Reached XP level 4. HP: 38/38 MP: 6/6
   876 | D:3      | Noticed Jessica
   882 | D:3      | Killed Jessica
   904 | D:3      | Noticed Natasha
   909 | D:3      | Killed Natasha
   974 | D:4      | Reached XP level 5. HP: 46/46 MP: 7/7
  1064 | D:4      | Reached XP level 6. HP: 41/55 MP: 8/8
  1166 | D:4      | Found a staircase to the Ecumenical Temple.
  1195 | Temple   | Entered the Ecumenical Temple
  1208 | Temple   | Became a worshipper of Ru the Awakened
  1255 | D:4      | Reached skill level 5 in Fighting
  1352 | D:5      | Entered Level 5 of the Dungeon
  1426 | D:5      | Reached skill level 1 in Dodging
  1426 | D:5      | Reached skill level 1 in Evocations
  1439 | D:5      | Got a warped falchion
  1440 | D:5      | Identified the cursed +0 falchion of Overwhelming Force
                  | {venom, rN+ Int+3} (You found it on level 5 of the Dungeon)
  1467 | D:5      | Noticed Eustachio
  1586 | D:4      | Reached skill level 1 in Long Blades
  1604 | D:5      | Noticed a sky beast
  1617 | D:5      | Killed a sky beast
  1617 | D:5      | Reached XP level 7. HP: 43/61 MP: 9/9
  1667 | D:5      | HP: 2/61 [worker ant zombie (5)]
  1727 | D:5      | Got a bloodstained scale mail
  1738 | D:5      | Identified the cursed +0 scale mail of the Eight Places
                  | {Int+2} (You found it on level 5 of the Dungeon)
  2124 | D:6      | Reached skill level 1 in Maces & Flails
  2127 | D:6      | Reached XP level 8. HP: 30/68 MP: 10/10
  2255 | D:5      | Killed Eustachio
  2255 | D:5      | Reached skill level 5 in Maces & Flails
  2441 | D:6      | Gained mutation: You are missing a hand. [Ru sacrifice]
  2441 | D:6      | Reached * piety under Ru
  2441 | D:6      | Reached ** piety under Ru
  2441 | D:6      | Reached *** piety under Ru
  2569 | D:7      | Reached skill level 1 in Armour
  2603 | D:7      | Noticed Menkaure
  2610 | D:7      | Killed Menkaure
  2622 | D:7      | Found Fuawoth's Gadget Boutique.
  2644 | D:7      | Found Ybloiboi's Assorted Antiques.
  2652 | D:7      | Bought a gilded ring for 150 gold pieces
  2754 | D:8      | Reached XP level 9. HP: 68/74 MP: 11/11
  2866 | D:7      | Got a blackened chain mail
  2877 | D:7      | Identified the +2 chain mail of the Princeling {+Fly MR-
                  | rCorr SInv} (You found it on level 7 of the Dungeon)
  3037 | D:8      | Noticed a two-headed ogre
  3050 | D:8      | Killed a two-headed ogre
  3087 | D:8      | Found a shattered altar of Ashenzari.
  3394 | D:10     | Entered Level 10 of the Dungeon
  3429 | D:10     | Reached skill level 10 in Maces & Flails
  3455 | D:10     | Gained mutation: You are somewhat unskilled. (-1 Apt) [Ru
                  | sacrifice]
  3455 | D:10     | Reduced skill Short Blades to level 1
  3455 | D:10     | Reduced skill Armour to level 5
  3455 | D:10     | Reached **** piety under Ru
  3464 | D:10     | Found Yssewuxe's Book Shoppe.
  3481 | D:10     | Reached XP level 10. HP: 73/84 MP: 8/12
  3554 | D:10     | Noticed Maggie
  3568 | D:10     | Killed Maggie
  3572 | D:10     | Found Huaph's Weapon Shoppe.
  3615 | D:10     | Found Ynadil's Book Emporium.
  3645 | D:9      | Noticed a cyclops
  3652 | D:9      | Killed a cyclops
  3652 | D:9      | Reached skill level 10 in Maces & Flails
  3998 | D:11     | Noticed Urug
  4045 | D:11     | Killed Urug
  4292 | D:11     | Found a staircase to the Lair.
  4303 | Lair:1   | Entered Level 1 of the Lair of Beasts
  4326 | Lair:1   | Reached XP level 11. HP: 39/99 MP: 13/13
  4343 | Lair:1   | Reached skill level 10 in Fighting
  4423 | Lair:1   | Noticed an eight-headed hydra
  4428 | Lair:1   | Killed an eight-headed hydra
  4479 | Lair:1   | Gained mutation: You have somewhat slow reflexes. (EV -5)
                  | [Ru sacrifice]
  4479 | Lair:1   | Reached ***** piety under Ru
  4589 | Lair:1   | Noticed a four-headed hydra
  4598 | Lair:1   | Killed a four-headed hydra
  4683 | Lair:2   | Identified a scroll of acquirement
  4747 | Lair:2   | Noticed a four-headed hydra
  4758 | Lair:2   | Killed a four-headed hydra
  4802 | Lair:3   | Noticed a catoblepas
  4819 | Lair:3   | Killed a catoblepas
  4893 | Lair:3   | Reached skill level 5 in Evocations
  5097 | Lair:3   | Found a runed translucent door.
  5097 | Lair:3   | Noticed whitenoisemaker's ghost (journeyman DrCK)
  5128 | Lair:3   | Killed whitenoisemaker's ghost
  5284 | Lair:3   | Reached XP level 12. HP: 97/108 MP: 13/15
  5371 | Lair:5   | You fall into a shaft and drop 1 floor!
  5371 | Lair:6   | Entered Level 6 of the Lair of Beasts
  5561 | Lair:5   | Gained mutation: You occasionally shout uncontrollably at
                  | your foes. [Ru sacrifice]
  5568 | Lair:5   | Noticed Josephine
  5585 | Lair:5   | Noticed a six-headed hydra
  5609 | Lair:6   | Found a runed translucent door.
  5610 | Lair:6   | Found a viscous altar of Jiyva.
  5610 | Lair:6   | Noticed an acid blob
  5611 | Lair:6   | Found a staircase to the Slime Pits.
  5611 | Lair:6   | Noticed an acid blob
  5611 | Lair:6   | Noticed an acid blob
  5756 | Lair:6   | Noticed a merfolk avatar
  5766 | Lair:6   | Killed a merfolk avatar
  5811 | Lair:6   | Noticed a six-headed hydra
  5818 | Lair:6   | Killed a six-headed hydra
  5866 | Lair:6   | Found the +5 demon whip "Spellbinder" {antimagic, MR+}
  5895 | Lair:6   | Identified the Grimoire of Lucky Weightlessness
  5942 | Lair:6   | Noticed a four-headed hydra
  5948 | Lair:6   | Killed a four-headed hydra
  6002 | Lair:6   | Reached skill level 5 in Dodging
  6110 | Lair:4   | Found a hole to the Spider Nest.
  6188 | Lair:5   | Killed a six-headed hydra
  6188 | Lair:5   | Reached XP level 13. HP: 28/117 MP: 2/17
  6418 | Lair:4   | Found a staircase to the Shoals.
  7062 | D:12     | Gained mutation: You sometimes yell uncontrollably at your
                  | foes. [Ru sacrifice]
  7203 | D:12     | Found Sokehau's General Store.
  7220 | D:12     | Bought a potion of curing for 39 gold pieces
  7220 | D:12     | Bought a scroll of enchant weapon for 97 gold pieces
  7630 | D:13     | Found a runed translucent door.
  7630 | D:13     | Noticed Azrael
  7631 | D:13     | Noticed an ettin
  7871 | D:14     | Reached skill level 10 in Armour
  7872 | D:14     | Noticed a vampire knight
  7872 | D:14     | Noticed a vampire knight
  7900 | D:13     | Killed a vampire knight
  8294 | D:15     | Entered Level 15 of the Dungeon
  8382 | D:15     | Noticed an ettin
  8406 | D:15     | Killed an ettin
  8414 | D:15     | Reached XP level 14. HP: 69/129 MP: 4/18
  8482 | D:15     | Found a staircase to the Depths.
  8487 | Depths:1 | Entered Level 1 of the Depths
  9005 | D:14     | Found the +12 Vampire's Tooth {vamp}
  9110 | D:13     | Found a gate to the Vaults.
  9257 | D:11     | Found a shimmering altar of Xom.
  9509 | D:9      | Found a basalt altar of Yredelemnul.
  9905 | D:12     | Found a staircase to the Orcish Mines.
  9910 | Orc:1    | Entered Level 1 of the Orcish Mines
  9914 | Orc:1    | Gained mutation: Your casting is slightly disrupted. [Ru
                  | sacrifice]
  9914 | Orc:1    | Reached ****** piety under Ru
 10100 | Orc:2    | Entered Level 2 of the Orcish Mines
 10125 | Orc:2    | Reached skill level 5 in Short Blades
 10269 | Orc:2    | Noticed a stone giant
 10289 | Orc:2    | Killed a stone giant
 10389 | Orc:2    | Found a large runed translucent door.
 10389 | Orc:2    | Found a large runed translucent door.
 10399 | Orc:2    | Found a gateway to a bazaar.
 10401 | Orc:2    | Noticed zhorgal's ghost (journeyman MiFi)
 10427 | Bazaar   | Entered a bazaar
 10431 | Bazaar   | Found Ciqyreph's Antique Armour Boutique.
 10442 | Bazaar   | Found Wakk's Antique Weapon Shoppe.
 10443 | Bazaar   | Found Witouhez's Gadget Shoppe.
 10461 | Bazaar   | Found Muhygay's General Store.
 10472 | Bazaar   | Found Qofexye's Magic Scroll Emporium.
 10480 | Bazaar   | Bought a scroll of magic mapping for 31 gold pieces
 10480 | Bazaar   | Bought a scroll of teleportation for 27 gold pieces
 10480 | Bazaar   | Bought a scroll of blinking for 67 gold pieces
 10480 | Bazaar   | Bought a scroll of teleportation for 27 gold pieces
 10480 | Bazaar   | Bought a scroll of identify for 18 gold pieces
 10480 | Bazaar   | Bought a scroll of identify for 18 gold pieces
 10480 | Bazaar   | Bought a scroll of enchant armour for 67 gold pieces
 10480 | Bazaar   | Bought a scroll of fog for 18 gold pieces
 10821 | Orc:2    | Noticed Snorg
 10832 | Orc:2    | Killed Snorg
 10931 | Orc:2    | Found a staircase to the Elven Halls.
 10936 | Elf:1    | Entered Level 1 of the Elven Halls
 11032 | Orc:2    | Found Ziyqawam's Food Emporium.
 11032 | Orc:2    | Found Kupruwam's Magic Scroll Boutique.
 11081 | Orc:2    | Found a roughly hewn altar of Beogh.
 11089 | Orc:2    | Found Ziyrecin's Jewellery Emporium.
 11089 | Orc:2    | Found Daakiad's Jewellery Boutique.
 11140 | Orc:2    | Bought a scroll of brand weapon for 300 gold pieces
 11140 | Orc:2    | Bought a scroll of teleportation for 45 gold pieces
 11140 | Orc:2    | Bought a scroll of fog for 30 gold pieces
 11140 | Orc:2    | Bought a scroll of enchant weapon for 112 gold pieces
 11174 | Orc:2    | Bought an uncursed ring of protection from magic for 300
                  | gold pieces
 11357 | Spider:1 | Entered Level 1 of the Spider Nest
 11385 | Spider:1 | Noticed an emperor scorpion
 11388 | Spider:1 | HP: 4/132 [wolf spider (9)]
 11388 | Spider:1 | Slain by a wolf spider

Levels and vault maps discovered:
D:1:      nagdon_arrival_double_spiral, layout_basic, minmay_pentomino_s2
D:2:      layout_loops_ring, first_ration
D:3:      layout_basic, minmay_hedge_maze, uniq_jessica, uniq_natasha
D:4:      layout_basic, temple_pool_b
D:5:      layout_loops_ring, uniq_eustachio
D:6:      layout_basic
D:7:      minmay_evil_eye, layout_loops_cross, serial_shops,
          nicolae_shop_statue_plus, nicolae_shop_overgrown_old_shop,
          uniq_menkaure, uniq_joseph
D:8:      layout_basic, cheibrodos_ashenzari_chains
D:9:      layout_roguey, corexii_checkpoint_b,
          lemuel_mausoleum_altar_yredelemnul
D:10:     layout_cave_pools, serial_shops, nicolae_shop_trees, shop,
          kennysheep_mini, uniq_maggie
D:11:     layout_cave_pools, minmay_lair_entry_grove,
          hangedman_little_slice_of_home, xom_teletrap_fun, uniq_urug
D:12:     layout_irregular_city, orc_0_dummy, serial_shops, shop_fountains
D:13:     layout_cave_pools, david_vaults_5, minmay_hidden_floor, uniq_azrael
D:14:     layout_loops_ring, minmay_misc_feat_hallway,
          minmay_guarded_unrand_vampires_tooth
D:15:     hangedman_depths_entry_civil_slaughter, layout_basic,
          chequers_serial_rivers_small_3, corexii_leaking_fountain
Temple:   dpeg_three_leaves_temple
Lair:1:   layout_loops_ring
Lair:2:   layout_chaotic_city, minmay_holes, kennysheep_rathole
Lair:3:   layout_cave_pods, hellmonk_ghost_happy_afterlife, serial_bayou_shore_a
Lair:4:   layout_cave_pods, minmay_shoals_entry_hut,
          spider_nest_entry_web_field, serial_bayou_shore_b, grunt_megastairs_1
Lair:5:   layout_concentric_octagons, st_stairs_13, serial_bayou_shore_b,
          uniq_josephine
Lair:6:   gammafunk_lair_ancient_temple, layout_loops_ring, slime_altar_2,
          dpeg_oklob_1, minmay_lair_oklob_chamber
Spider:1: layout_spider_delve
Orc:1:    layout_caves
Orc:2:    st_orc_town, layout_caves, ebering_ghost_disaster_area, serial_shops,
          bzr_entry_water, uniq_snorg
Elf:1:    elf_arrival_001, layout_gridlike, minmay_elf_necromancy,
          minmay_shop_grove
Depths:1: layout_basic, lightli_too_deep, drop_trap, hangedman_aviary

Skill      XL: |  1  2  3  4  5  6  7  8  9 10 11 12 13 14 |
---------------+-------------------------------------------+-----
Fighting       | 1 2 3 4 5 6 9 10 11 13 14 | 14.1
Short Blades   | 1 2 1 8 |  8.5
Slings         | 1 2 3 |  3.5
Dodging        | 1 5 8 9 |  9.3
Evocations     | 2 4 3 6 7 |  7.0
Long Blades    | 2 4 |  4.3
Maces & Flails | 2 7 9 11 13 14 | 14.0
Shields        | 0 |  0.0
Armour         | 4 5 8 10 11 | 11.3
Throwing       | 0 |  0.8
Translocations | 0 |  0.8
Transmutations | 0 |  0.8
Earth Magic    | 0 |  0.8
Spellcasting   | |  2.0
Poison Magic   | |  1.2

Action                   |  1- 3 |  4- 6 |  7- 9 | 10-12 | 13-15 || total
-------------------------+-------+-------+-------+-------+-------++-------
Melee: Dagger            |    52 |    59 |       |       |       ||   111
       Headbutt          |     9 |     8 |    44 |   100 |   207 ||   368
       Falchion          |       |    13 |    66 |       |       ||    79
       Morningstar       |       |       |   191 |   127 |       ||   318
       Eveningstar       |       |       |       |    64 |    71 ||   135
       Demon whip        |       |       |       |   322 |   516 ||   838
       Quick blade       |       |       |       |       |   381 ||   381
 Fire: Hunting sling     |    12 |    26 |    15 |    24 |    17 ||    94
Throw: Dart              |    13 |    10 |     8 |     8 |    21 ||    60
       Throwing net      |       |       |       |     2 |       ||     2
Invok: Draw Out Power    |       |       |     1 |    19 |    15 ||    35
       Sacrifice a Hand  |       |       |     1 |       |       ||     1
       Power Leap        |       |       |     1 |     9 |    16 ||    26
       Sacrifice Skill   |       |       |     1 |       |       ||     1
       Sacrifice Health  |       |       |       |     1 |       ||     1
       Sacrifice Purity  |       |       |       |     1 |     1 ||     2
       Sacrifice Essence |       |       |       |       |     1 ||     1
Evoke: Wand              |       |       |    12 |    22 |     5 ||    39
       Lamp of fire      |       |       |       |     1 |     2 ||     3
       Lightning rod     |       |       |       |     4 |     4 ||     8
       Sack of spiders   |       |       |       |       |     1 ||     1
  Use: Scroll            |       |     3 |     7 |    12 |    18 ||    40
       Potion            |       |       |     5 |     3 |     4 ||    12
 Stab: Paralysed         |       |       |     3 |     4 |     2 ||     9
       Distracted        |       |       |     1 |     2 |     3 ||     6
       Invisible         |       |       |       |     9 |     6 ||    15
       Held in net/web   |       |       |       |     1 |       ||     1
  Eat: Chunk             |       |     2 |     6 |    10 |    14 ||    32
       Ration            |       |       |       |       |     1 ||     1
Armor: Robe              |     3 |       |       |       |       ||     3
       Ring mail         |     4 |    20 |     3 |       |       ||    27
       Scale mail        |       |       |    49 |       |       ||    49
       Plate armour      |       |       |    42 |       |       ||    42
       Chain mail        |       |       |    39 |   178 |   284 ||   501
Dodge: Dodged            |    23 |    44 |   104 |   102 |   139 ||   412
       Rpst.: Falchion   |       |     2 |     9 |       |       ||    11

Table legend:
 A = Non-vault XP
 B = Vault XP
 C = Vault XP percentage of total XP
 D = Non-vault monster count
 E = Vault monster count
 F = Vault count percentage of total count
                 A         B        C        D         E       F
            +---------+---------+-------+---------+---------+-------
      Total |   66855 |   30345 |  31.2 |     425 |     136 |  24.2
            +---------+---------+-------+---------+---------+-------
        D:1 |      24 |       3 |  11.1 |      10 |       2 |  16.7
        D:2 |      75 |       0 |   0.0 |      18 |       0 |   0.0
        D:3 |      18 |      73 |  80.2 |       3 |       2 |  40.0
        D:4 |     267 |       0 |   0.0 |      16 |       0 |   0.0
        D:5 |     539 |     196 |  26.7 |      15 |       1 |   6.2
        D:6 |     803 |       0 |   0.0 |      22 |       0 |   0.0
        D:7 |     615 |     195 |  24.1 |      12 |       2 |  14.3
        D:8 |    1470 |       0 |   0.0 |      14 |       0 |   0.0
        D:9 |    1342 |     797 |  37.3 |      17 |      12 |  41.4
       D:10 |    1581 |     415 |  20.8 |      19 |       1 |   5.0
       D:11 |    2264 |    2884 |  56.0 |      23 |      21 |  47.7
       D:12 |    2784 |       0 |   0.0 |      28 |       0 |   0.0
       D:13 |    5856 |    2886 |  33.0 |      12 |       4 |  25.0
       D:14 |    3352 |    1487 |  30.7 |      12 |       6 |  33.3
       D:15 |   11331 |    5237 |  31.6 |      39 |       6 |  13.3
     Lair:1 |    4342 |      35 |   0.8 |      13 |       1 |   7.1
     Lair:2 |    1433 |       0 |   0.0 |       3 |       0 |   0.0
     Lair:3 |    5604 |     971 |  14.8 |      26 |       1 |   3.7
     Lair:4 |    5876 |     396 |   6.3 |      21 |       2 |   8.7
     Lair:5 |    2858 |     545 |  16.0 |       9 |       2 |  18.2
     Lair:6 |    6570 |    6288 |  48.9 |      22 |      20 |  47.6
   Spider:1 |     211 |       0 |   0.0 |       1 |       0 |   0.0
      Orc:1 |    3227 |       0 |   0.0 |      29 |       0 |   0.0
      Orc:2 |    3601 |    6341 |  63.8 |      39 |      50 |  56.2
      Elf:1 |     812 |    1596 |  66.3 |       2 |       3 |  60.0
            +---------+---------+-------+---------+---------+-------
